 Dungeon Crawl Stone Soup version 0.26.0-10-g1f06aea511 (webtiles) character file.

Game seed: 1346263137535484758

3141 Dracia the Magician (level 9, -3/71 HPs)
             Began as a Gnoll Warper on Jan 15, 2021.
             Was a Priest of Okawaru.
             Slain by an iguana (6 damage)
             ... on level 7 of the Dungeon.
             The game lasted 00:17:37 (8637 turns).

Dracia the Magician (Gnoll Warper)                  Turns: 8637, Time: 00:17:38

Health: -3/71      AC: 11    Str: 16    XL:     9   Next: 93%
Magic:  28/28      EV: 15    Int: 17    God:    Okawaru [***...]
Gold:   307        SH:  0    Dex: 14    Spells: 1/21 levels left

rFire    . . .     SeeInvis .   u - +1 long sword (vorpal)
rCold    . . .     Faith    .   (no shield)
rNeg     + . .     Spirit   .   k - +1 leather armour {rN+}
rPois    .         Reflect  .   n - +2 hat
rElec    .         Harm     .   (no cloak)
rCorr    .         Rampage  .   y - +0 pair of gloves
Will     .....                  (no boots)
Stlth    +++.......             w - amulet of magic regeneration
HPRegen  0.21/turn              O - +4 ring of protection
MPRegen  0.46/turn              W - ring of magical power

@: marked, berserk cooldown, slowed, very slow
A: distributed training, fangs 1, strong nose
a: Renounce Religion, Heroism


You were on level 7 of the Dungeon.
You worshipped Okawaru.
Okawaru was most pleased with you.
You visited 2 branches of the dungeon, and saw 8 of its levels.

You collected 307 gold pieces.


Innate Abilities, Weirdness & Mutations

Your experience applies equally to all skills.
You have very sharp teeth.
Your uncanny sense of smell can sniff out nearby items.


   Skills:
 + Level 6.6 Fighting
 + Level 4.7 Short Blades
 + Level 6.6 Long Blades
 + Level 4.7 Axes
 + Level 4.7 Maces & Flails
 + Level 4.7 Polearms
 + Level 4.7 Staves
 + Level 4.7 Slings
 + Level 4.7 Bows
 + Level 4.7 Crossbows
 + Level 5.4 Throwing
 + Level 5.4 Armour
 + Level 6.6 Dodging
 + Level 4.7 Stealth
 + Level 4.7 Shields
 + Level 4.7 Unarmed Combat
 + Level 6.9 Spellcasting
 + Level 3.9 Conjurations
 + Level 3.9 Hexes
 + Level 3.9 Summonings
 + Level 3.9 Necromancy
 + Level 6.8 Translocations
 + Level 3.9 Transmutations
 + Level 3.9 Fire Magic
 + Level 3.9 Ice Magic
 + Level 3.9 Air Magic
 + Level 3.9 Earth Magic
 + Level 3.9 Poison Magic
 + Level 5.2 Invocations
 + Level 4.7 Evocations


You had one spell level left.
You knew the following spells:

 Your Spells              Type           Power        Failure   Level
g - Gell's Gravitas       Tloc           14%          2%          3
l - Lesser Beckoning      Tloc           14%          2%          3
m - Metabolic Englaciati  Hex/Ice        9%           61%         5
o - Confusing Touch       Hex            19%          9%          3
u - Passage of Golubria   Tloc           N/A          9%          4
I - Blink                 Tloc           N/A          1%          2

Your spell library contained the following spells:

 Spells                   Type           Power        Failure   Level
 Sandblast                Erth           38%          2%          1
 Teleport Other           Tloc           29%          2%          3
 Passwall                 Tmut/Erth      15%          4%          2
 Stone Arrow              Conj/Erth      38%          9%          3
 Petrify                  Tmut/Erth      19%          28%         4
 Lee's Rapid Deconstruct  Erth           9%           61%         5
 Yara's Violent Unravell  Hex/Tmut       9%           61%         5

Inventory:

Hand Weapons
 a - a +1 falchion
 u - a +1 vorpal long sword (weapon)
Missiles
 e - 5 boomerangs of dispersal {=f=f}
 o - a throwing net {=f=f}
 q - 4 poisoned darts
 A - 2 javelins (quivered)
 B - 5 boomerangs
Armour
 b - a +0 leather armour
 k - a +1 leather armour of positive energy (worn)
 l - +0 fire dragon scales
 n - a +2 hat (worn)
 y - a +0 pair of gloves (worn)
Jewellery
 w - an amulet of magic regeneration (around neck)
 O - a +4 ring of protection (left hand)
 R - an uncursed ring of resist corrosion
 W - a ring of magical power (right hand)
Scrolls
 d - a scroll of blinking
 g - 2 scrolls of immolation
 i - 4 scrolls of enchant weapon
 m - 3 scrolls of remove curse {@r2@r2}
 x - a scroll of fear
 C - a scroll of holy word {unknown}
 D - a scroll of teleportation {unknown}
 E - a scroll of identify {@r1@r1}
Potions
 c - 2 potions of might
 f - a potion of mutation {unknown}
 h - 2 potions of degeneration {unknown}
 r - a potion of brilliance {unknown}
 s - 3 potions of curing {unknown}
 t - a potion of ambrosia {unknown}
 v - 3 potions of magic

Dungeon Overview and Level Annotations

Branches:
Dungeon (7/15)             Temple (1/1) D:4

Altars:
Cheibriados
Elyvilon
Gozag
Hepliaklqana
Kikubaaqudgha
Makhleb
Okawaru
Qazlal
Sif Muna
Trog
Uskayaw
Vehumet
Wu Jian
Xom
Yredelemnul
Zin
The Shining One

Shops:
D:5 ( D:6

*
###############################
......>.(....l@)).)..(.(.......
########.....##########....####
#.....# ......@.....# #.#####
.......o........ #)#
................ #.#
................ #.#
...............[ #.#
............#### #.#
.....$.......


You could see an iguana.


Message History

You slash the orc!
You kill the orc!
Okawaru accepts your kill.
You see here a +0 mace.
You feel a strong urge to attack something.
You are no longer berserk.
You are exhausted.
You feel yourself slow down.
You start resting.
An iguana comes into view.
Unknown command.
You see here a +0 mace.
An iguana is nearby!
Items here: )) [[[.
The iguana bites you.
* * * LOW HITPOINT WARNING * * *
The iguana bites you.
* * * LOW HITPOINT WARNING * * *
Things that are here:
5 boomerangs of dispersal {=f=f}; 12 bolts You hit the iguana.
The iguana is moderately wounded.
The iguana bites you.
* * * LOW HITPOINT WARNING * * *
You hit the iguana. Your bite misses the iguana.
The iguana is heavily wounded.
The iguana bites you!
* * * LOW HITPOINT WARNING * * *
The iguana bites you.
You die...

Skill      XL: |  1  2  3  4  5  6  7  8  9 |
---------------+----------------------------+-----
Spellcasting   | 5 6 |  6.9
Invocations    | 1 2 3 4 5 |  5.2
Short Blades   | 1 2 3 4 |  4.7
Axes           | 1 2 3 4 |  4.7
Maces & Flails | 1 2 3 4 |  4.7
Polearms       | 1 2 3 4 |  4.7
Staves         | 1 2 3 4 |  4.7
Slings         | 1 2 3 4 |  4.7
Bows           | 1 2 3 4 |  4.7
Crossbows      | 1 2 3 4 |  4.7
Stealth        | 1 2 3 4 |  4.7
Shields        | 1 2 3 4 |  4.7
Unarmed Combat | 1 2 3 4 |  4.7
Evocations     | 1 2 3 4 |  4.7
Conjurations   | 1 2 3 |  3.9
Hexes          | 1 2 3 |  3.9
Summonings     | 1 2 3 |  3.9
Necromancy     | 1 2 3 |  3.9
Transmutations | 1 2 3 |  3.9
Fire Magic     | 1 2 3 |  3.9
Ice Magic      | 1 2 3 |  3.9
Air Magic      | 1 2 3 |  3.9
Earth Magic    | 1 2 3 |  3.9
Poison Magic   | 1 2 3 |  3.9
Throwing       | 3 4 5 |  5.4
Armour         | 3 4 5 |  5.4
Fighting       | 5 6 |  6.6
Long Blades    | 5 6 |  6.6
Dodging        | 5 6 |  6.6
Translocations | 6 |  6.8

Action                   |  1- 3 |  4- 6 |  7- 9 || total
-------------------------+-------+-------+-------++-------
Melee: Falchion          |    91 |   188 |   158 ||   437
       Bite              |    10 |    20 |    39 ||    69
       Punch             |       |     2 |     5 ||     7
       Long sword        |       |       |   123 ||   123
Throw: Javelin           |       |    11 |    37 ||    48
       Dart              |       |       |    10 ||    10
 Cast: Blink             |       |     1 |    10 ||    11
       Gell's Gravitas   |       |       |     2 ||     2
  Use: Scroll            |       |     1 |    13 ||    14
       Potion            |       |       |     4 ||     4
 Stab: Sleeping          |     1 |     2 |     2 ||     5
Armor: Leather armour    |    16 |    46 |   117 ||   179
Dodge: Dodged            |    71 |   159 |   258 ||   488
       Rpst.: Falchion   |    25 |    59 |    39 ||   123
       Long sword        |       |       |    34 ||    34

Levels and vault maps discovered:
D:1:      dpeg_arrival_round_a, layout_basic, chequers_serial_rivers_small_3
D:2:      layout_rooms
D:3:      layout_rooms, bloody_trog, dancing_weapons_uskayaw,
          grunt_gozag_breadcrumbs
D:4:      layout_basic, grunt_temple_overflow_champion_of_chaos, zin_treasury,
          yredelemnul_forgotten_temple_becter, minmay_temple_entry_proselytizer
D:5:      kennysheep_spiral_hall, layout_basic, kennysheep_mini, serial_shops,
          shop, uniq_sigmund, uniq_eustachio, uniq_duvessa
D:6:      layout_rooms, serial_shops, shop
D:7:      layout_basic, kennysheep_mini_moat, uniq_harold
Temple:   compressed_dpeg_triangle_lava_temple

Notes
Turn   | Place    | Note
-------+----------+-------------------------------------------
     0 | D:1      | Dracia the Gnoll Warper began the quest for the Orb.
     0 | D:1      | Reached XP level 1. HP: 20/20 MP: 6/6
   105 | D:1      | Reached XP level 2. HP: 26/26 MP: 7/7
   904 | D:2      | Reached skill level 5 in Spellcasting
   904 | D:2      | Reached XP level 3. HP: 17/31 MP: 7/9
   907 | D:2      | Learned a level 2 spell: Blink
   911 | D:2      | Learned a level 3 spell: Gell's Gravitas
   915 | D:2      | Learned a level 3 spell: Lesser Beckoning
   920 | D:2      | Reached skill level 1 in Invocations
  1106 | D:2      | Reached skill level 1 in Short Blades
  1106 | D:2      | Reached skill level 1 in Axes
  1106 | D:2      | Reached skill level 1 in Maces & Flails
  1106 | D:2      | Reached skill level 1 in Polearms
  1106 | D:2      | Reached skill level 1 in Staves
  1106 | D:2      | Reached skill level 1 in Slings
  1106 | D:2      | Reached skill level 1 in Bows
  1106 | D:2      | Reached skill level 1 in Crossbows
  1106 | D:2      | Reached skill level 1 in Stealth
  1106 | D:2      | Reached skill level 1 in Shields
  1106 | D:2      | Reached skill level 1 in Unarmed Combat
  1106 | D:2      | Reached skill level 1 in Evocations
  1501 | D:2      | Reached skill level 1 in Conjurations
  1501 | D:2      | Reached skill level 1 in Hexes
  1501 | D:2      | Reached skill level 1 in Summonings
  1501 | D:2      | Reached skill level 1 in Necromancy
  1501 | D:2      | Reached skill level 1 in Transmutations
  1501 | D:2      | Reached skill level 1 in Fire Magic
  1501 | D:2      | Reached skill level 1 in Ice Magic
  1501 | D:2      | Reached skill level 1 in Air Magic
  1501 | D:2      | Reached skill level 1 in Earth Magic
  1501 | D:2      | Reached skill level 1 in Poison Magic
  1501 | D:2      | Reached XP level 4. HP: 38/38 MP: 11/11
  1595 | D:2      | You fall into a shaft and drop 1 floor!
  1890 | D:3      | Reached XP level 5. HP: 40/43 MP: 12/12
  2097 | D:3      | Reached skill level 3 in Throwing
  2097 | D:3      | Reached skill level 3 in Armour
  2155 | D:3      | Found a bloodstained altar of Trog.
  2345 | D:3      | Found an opulent altar of Gozag.
  2576 | D:3      | Found a hide-covered altar of Uskayaw.
  2576 | D:3      | Noticed a +0 hand axe
  2577 | D:3      | Noticed a +0 dagger
  3139 | D:4      | Found a basalt altar of Yredelemnul.
  3255 | D:4      | Reached XP level 6. HP: 48/50 MP: 13/13
  3290 | D:4      | Reached skill level 2 in Invocations
  3664 | D:4      | Found a glowing silver altar of Zin.
  3687 | D:4      | Found a staircase to the Ecumenical Temple.
  3710 | D:4      | Reached skill level 5 in Fighting
  3710 | D:4      | Reached skill level 5 in Long Blades
  3710 | D:4      | Reached skill level 5 in Dodging
  3983 | Temple   | Entered the Ecumenical Temple
  4157 | Temple   | Became a worshipper of Warmaster Okawaru
  4194 | D:4      | Reached skill level 2 in Short Blades
  4194 | D:4      | Reached skill level 2 in Axes
  4194 | D:4      | Reached skill level 2 in Maces & Flails
  4194 | D:4      | Reached skill level 2 in Polearms
  4194 | D:4      | Reached skill level 2 in Staves
  4194 | D:4      | Reached skill level 2 in Slings
  4194 | D:4      | Reached skill level 2 in Bows
  4194 | D:4      | Reached skill level 2 in Crossbows
  4194 | D:4      | Reached skill level 2 in Stealth
  4194 | D:4      | Reached skill level 2 in Shields
  4194 | D:4      | Reached skill level 2 in Unarmed Combat
  4194 | D:4      | Reached skill level 2 in Evocations
  4676 | D:4      | Reached XP level 7. HP: 56/56 MP: 15/15
  4914 | D:4      | Found a shimmering altar of Xom.
  4915 | D:4      | Found a burning altar of Makhleb.
  5394 | D:5      | Entered Level 5 of the Dungeon
  5394 | D:5      | Found Rejon's Weapon Boutique.
  5402 | D:5      | Noticed Eustachio
  5423 | D:5      | Killed Eustachio
  5424 | D:5      | Reached skill level 2 in Conjurations
  5424 | D:5      | Reached skill level 2 in Hexes
  5424 | D:5      | Reached skill level 2 in Summonings
  5424 | D:5      | Reached skill level 2 in Necromancy
  5424 | D:5      | Reached skill level 2 in Transmutations
  5424 | D:5      | Reached skill level 2 in Fire Magic
  5424 | D:5      | Reached skill level 2 in Ice Magic
  5424 | D:5      | Reached skill level 2 in Air Magic
  5424 | D:5      | Reached skill level 2 in Earth Magic
  5424 | D:5      | Reached skill level 2 in Poison Magic
  5440 | D:5      | Found a glowing golden altar of the Shining One.
  5633 | D:5      | Noticed Sigmund
  5653 | D:5      | Killed Sigmund
  5654 | D:5      | Reached skill level 6 in Translocations
  5654 | D:5      | Reached skill level 3 in Invocations
  5654 | D:5      | Reached XP level 8. HP: 62/63 MP: 16/16
  5767 | D:5      | Reached * piety under Okawaru
  5768 | D:5      | Reached skill level 3 in Short Blades
  5768 | D:5      | Reached skill level 3 in Axes
  5768 | D:5      | Reached skill level 3 in Maces & Flails
  5768 | D:5      | Reached skill level 3 in Polearms
  5768 | D:5      | Reached skill level 3 in Staves
  5768 | D:5      | Reached skill level 3 in Slings
  5768 | D:5      | Reached skill level 3 in Bows
  5768 | D:5      | Reached skill level 3 in Crossbows
  5768 | D:5      | Reached skill level 4 in Throwing
  5768 | D:5      | Reached skill level 4 in Armour
  5768 | D:5      | Reached skill level 3 in Stealth
  5768 | D:5      | Reached skill level 3 in Shields
  5768 | D:5      | Reached skill level 3 in Unarmed Combat
  5768 | D:5      | Reached skill level 3 in Evocations
  6188 | D:5      | Noticed Duvessa
  6239 | D:5      | Killed Duvessa
  6240 | D:5      | Reached skill level 6 in Spellcasting
  6385 | D:5      | Noticed Dowan
  6401 | D:5      | Killed Dowan
  7135 | D:5      | Reached skill level 3 in Conjurations
  7135 | D:5      | Reached skill level 3 in Hexes
  7135 | D:5      | Reached skill level 3 in Summonings
  7135 | D:5      | Reached skill level 3 in Necromancy
  7135 | D:5      | Reached skill level 3 in Transmutations
  7135 | D:5      | Reached skill level 3 in Fire Magic
  7135 | D:5      | Reached skill level 3 in Ice Magic
  7135 | D:5      | Reached skill level 3 in Air Magic
  7135 | D:5      | Reached skill level 3 in Earth Magic
  7135 | D:5      | Reached skill level 3 in Poison Magic
  7135 | D:5      | Reached skill level 4 in Invocations
  7353 | D:5      | Reached ** piety under Okawaru
  7354 | D:5      | Reached skill level 6 in Fighting
  7354 | D:5      | Reached skill level 6 in Long Blades
  7354 | D:5      | Reached skill level 6 in Dodging
  7354 | D:5      | Reached XP level 9. HP: 21/69 MP: 18/18
  7631 | D:6      | Reached skill level 4 in Short Blades
  7631 | D:6      | Reached skill level 4 in Axes
  7631 | D:6      | Reached skill level 4 in Maces & Flails
  7631 | D:6      | Reached skill level 4 in Polearms
  7631 | D:6      | Reached skill level 4 in Staves
  7631 | D:6      | Reached skill level 4 in Slings
  7631 | D:6      | Reached skill level 4 in Bows
  7631 | D:6      | Reached skill level 4 in Crossbows
  7631 | D:6      | Reached skill level 4 in Stealth
  7631 | D:6      | Reached skill level 4 in Shields
  7631 | D:6      | Reached skill level 4 in Unarmed Combat
  7631 | D:6      | Reached skill level 4 in Evocations
  7925 | D:6      | Found Erume's Assorted Antiques.
  7998 | D:6      | Learned a level 3 spell: Confusing Touch
  8004 | D:6      | Learned a level 5 spell: Metabolic Englaciation
  8009 | D:6      | Learned a level 4 spell: Passage of Golubria
  8226 | D:7      | Reached skill level 5 in Throwing
  8226 | D:7      | Reached skill level 5 in Armour
  8585 | D:7      | Noticed Harold
  8619 | D:7      | HP: 7/70 [Harold/+2 dire flail of holy wrath (20)]
  8626 | D:7      | Killed Harold
  8626 | D:7      | Reached *** piety under Okawaru
  8626 | D:7      | Received a gift from Okawaru
  8626 | D:7      | Received a gift from Okawaru
  8627 | D:7      | Reached skill level 5 in Invocations
  8637 | D:7      | HP: 3/71 [iguana (8)]
  8637 | D:7      | Slain by an iguana

Vanquished Creatures
  Harold (D:7)
  Sigmund (D:5)
  Eustachio (D:5)
  Duvessa (D:5)
  A black bear (D:7)
  A sky beast (D:7)
  A necrophage (D:5)
  2 phantoms (D:7)
  2 ogres
  3 centaurs
  4 bullfrogs
  Dowan (D:5)
  4 wights
  3 howler monkeys
  A crimson imp (D:4)
  2 jellies
  An orc priest (D:4)
  3 orc wizards
  An iguana (D:5)
  4 worker ants
  A hound skeleton (D:4)
  A worker ant zombie (D:5)
  7 adders
  3 gnolls (D:4)
  2 white imps (D:6)
  An ufetubus (D:5)
  An ooze (D:3)
  2 adder skeletons (D:4)
  2 worms (D:4)
  A dart slug (D:4)
  5 leopard geckos
  24 orcs
  5 giant cockroaches
  5 goblins
  9 hobgoblins
  2 jackals (D:5)
  3 quokkas
  3 ball pythons
  10 bats
  7 frilled lizards
  10 kobolds
  A quokka skeleton (D:6)
  5 rats
  A spectral orc (D:4)
149 creatures vanquished.

Table legend: (Time is in decaauts)
 A = Elapsed time spent in this place.
 B = Non-inter-level travel time spent in this place.
 C = Inter-level travel time spent in this place.
 D = Time resting spent in this place.
 E = Time spent auto-exploring this place.
 F = Levels seen in this place.
 G = Mean time per level.
                   A        B        C        D        E       F      G
               +--------+--------+--------+--------+--------+-----+--------+
         Total |   8695 |   8393 |    302 |   1865 |   5109 |   8 | 1086.9 |
       Dungeon |   8509 |   8218 |    291 |   1865 |   4946 |   7 | 1215.6 |
        Temple |    185 |    174 |     11 |      0 |    163 |   1 |  185.0 |
               +--------+--------+--------+--------+--------+-----+--------+

Top non-repeatable levels by time:
     D:4: 2125 daAuts
     D:5: 2011 daAuts
     D:1: 1278 daAuts
     D:3: 1177 daAuts
     D:6: 738 daAuts
     D:2: 666 daAuts
     D:7: 512 daAuts
  Temple: 185 daAuts

Table legend:
 A = Non-vault XP
 B = Vault XP
 C = Vault XP percentage of total XP
 D = Non-vault monster count
 E = Vault monster count
 F = Vault count percentage of total count
                 A         B        C        D         E       F
            +---------+---------+-------+---------+---------+-------
      Total |    2637 |    1851 |  41.2 |     137 |      12 |   8.1
            +---------+---------+-------+---------+---------+-------
        D:1 |      33 |       0 |   0.0 |      23 |       0 |   0.0
        D:2 |     115 |       0 |   0.0 |      16 |       0 |   0.0
        D:3 |     123 |       0 |   0.0 |      27 |       0 |   0.0
        D:4 |     356 |      88 |  19.8 |      26 |       3 |  10.3
        D:5 |     941 |     740 |  44.0 |      21 |       8 |  27.6
        D:6 |     443 |       0 |   0.0 |      12 |       0 |   0.0
        D:7 |     626 |    1023 |  62.0 |      12 |       1 |   7.7
            +---------+---------+-------+---------+---------+-------
